 Dungeon Crawl Stone Soup version 0.31-a0-210-gccc998df9b (webtiles) character file.

Game seed: 15036232101267408535

123 coffeetime the Magician (level 4, -1/24 HPs)
             Began as a Deep Elf Earth Elementalist on June 30, 2023.
             Slain by Sigmund
             ... wielding a +0 scythe
              (10 damage)
             ... on level 3 of the Dungeon.
             The game lasted 00:11:15 (1847 turns).

coffeetime the Magician (DEEE)                      Turns: 1847, Time: 00:11:18

Health: -1/24      AC:  4    Str:  5    XL:     4   Next: 79%
Magic:  11/13      EV: 13    Int: 22    God:
Gold:   152        SH:  0    Dex: 15    Spells: 7/13 levels left

rFire   . . .        m - +1 dagger (venom)
rCold   . . .        (no shield)
rNeg    . . .        a - +0 robe
rPois   .            r - +0 helmet
rElec   .            (no cloak)
rCorr   .            s - +0 pair of gloves
SInv    .            (no boots)
Will    .....        (no amulet)
Stlth   ++           (no ring)
HPRegen 0.24/turn    (no ring)
MPRegen 0.13/turn

%: no passive effects
@: no status effects
A: no striking features
a: no special abilities


You were on level 3 of the Dungeon.
You visited 1 branch of the dungeon, and saw 3 of its levels.

You collected 152 gold pieces.

Inventory:

Hand Weapons
 c - a +0 club
 j - a +0 short sword
 m - a +1 dagger of venom (weapon)
 p - a +1 dagger of flaming
 w - a +0 shortbow
Missiles
 k - 19 stones
 l - 6 boomerangs (quivered)
Armour
 a - a +0 robe (worn)
 r - a +0 helmet (worn)
 s - a +0 pair of gloves (worn)
 u - a +0 leather armour
Jewellery
 d - a ring of ice
 h - an amulet of guardian spirit
 q - a ring of willpower
Scrolls
 g - a scroll of noise {unknown}
 i - a scroll of identify {unknown}
Potions
 b - a potion of magic
 e - a potion of degeneration {unknown}
 f - a potion of lignification {unknown}
 n - a potion of heal wounds {unknown}
 o - a potion of curing {unknown}
 t - a potion of brilliance {unknown}
 v - a potion of cancellation {unknown}


   Skills:
 + Level 2.8 Dodging
 + Level 2.8 Stealth
 + Level 5.4 Spellcasting
 + Level 1.1 Transmutations
 + Level 4.4 Earth Magic


You had 7 spell levels left.
You knew the following spells:

 Your Spells              Type           Power      Damage    Failure   Level
a - Sandblast             Erth           50%        2d12      1%          1
b - Passwall              Tmut/Erth      15%        N/A       4%          2
c - Stone Arrow           Conj/Erth      30%        3d8       12%         3

Your spell library contained the following spells:

 Spells                   Type           Power      Damage    Failure   Level
 Inner Flame              Hex/Fire       5%         N/A       28%         3
 Petrify                  Tmut/Erth      18%        N/A       30%         4
 Flame Wave               Conj/Fire      5%         2d5       67%         4
 Sticky Flame             Conj/Fire      5%         2d3       67%         4


Dungeon Overview and Level Annotations

Branches:
Dungeon (3/15)

Altars:

Shops:
D:1 =

Annotations:
D:2 Terence
D:3 Sigmund


Message History

Sigmund gestures at you while chanting.
You are confused.
You bump into the rock wall.
You bump into the rock wall.
Sigmund drinks a potion.
Sigmund seems to speed up.
You feel less confused. Sigmund closely misses you.
Sigmund casts a spell at you.
You are confused.
You bump into the rock wall.
Sigmund closely misses you. Sigmund gestures at you while chanting.
You are more confused.
You're too confused to move!
Sigmund points at you and mumbles some strange words.
You resist with some effort.
You're too confused to cast spells.
Sigmund flickers, as though insubstantial.
You bump into the rock wall.
Sigmund closely misses you.
Sigmund points at you and mumbles some strange words.
The magic dart hits you. Sigmund misses you.
You're too confused to move!
Sigmund barely misses you.
You bump into the rock wall.
Sigmund hits you but does no damage.
You bump into the rock wall.
Sigmund gestures wildly while chanting.
Sigmund flickers and vanishes!
Deactivating autopickup; reactivate with Ctrl-A.
You're too confused to move!
Something hits you.
You feel less confused. Something hits you. Something barely misses you.
Casting: Sandblast (safe; 1% risk of failure)
Confirm with . or Enter, or press ? or * to list all spells.
Aiming: Passwall (safe; 4% risk of failure)
Press: ? - help, Dir - move target A rock wall.
Something hits you!
You begin to meditate on the wall.
You continue meditating on the rock.
Something hits you!
You die...

###.#.##.##.........~~.~≈≈P
...................~P~~≈≈~
####.....#...........~≈≈≈~≈
....................~~≈≈≈~~
#...........#####..~~≈≈≈~.
#.####.##.#.####...~~≈≈~≈.
#.##.#.#.......P≈≈~~.
#.##.#.#.###.~~≈≈≈P~.
#.##@#...###.~P≈≈~~..
.#.####.##.#........P≈~≈~..
...........#.........~~~...
.#.####.####........~~~~...
#.# #........~~≈.~.. #.#
#........~≈≈~... #.#
#........~~≈P~.. ..#
#.......~.P≈~~.. ..#
#........~≈≈~..#


There were no monsters in sight!

Vanquished Creatures
  Robin (D:2)
  2 adders
  4 gnolls (D:2)
  A dart slug (D:2)
  An orc (D:3)
  6 endoplasms
  A giant cockroach (D:1)
  10 goblins
  6 hobgoblins
  2 quokkas
  2 ball pythons
  5 bats
  3 frilled lizards
  5 kobolds
  A rat (D:2)
50 creatures vanquished.

Notes
Turn   | Place    | Note
-------+----------+-------------------------------------------
     0 | D:1      | coffeetime the Deep Elf Earth Elementalist began the quest
                  | for the Orb.
     0 | D:1      | Reached XP level 1. HP: 10/10 MP: 6/6
   205 | D:1      | Found Yseatofa's One-of-a-Kind Rings.
   227 | D:1      | Reached XP level 2. HP: 15/15 MP: 1/8
   617 | D:1      | Learned a level 2 spell: Passwall
   818 | D:2      | Noticed Robin
   876 | D:1      | Reached skill level 4 in Spellcasting
   876 | D:1      | Reached XP level 3. HP: 19/19 MP: 7/10
  1060 | D:2      | Reached XP level 4. HP: 24/24 MP: 7/12
  1082 | D:2      | Learned a level 3 spell: Stone Arrow
  1095 | D:2      | Reached skill level 5 in Spellcasting
  1322 | D:2      | Noticed Terence
  1460 | D:2      | Killed Robin
  1821 | D:3      | Noticed Sigmund
  1847 | D:3      | Slain by Sigmund

Illustrated notes

Levels and vault maps discovered:
D:1:      wander_arrival_lonely_grave, layout_rooms, nicolae_shop_unique_rings
D:2:      layout_basic, uniq_robin, uniq_terence
D:3:      layout_basic, chequers_temple_overflow_minitemple, chequers_big_river,
          uniq_sigmund

Skill      XL: |  1  2  3  4 |
---------------+-------------+-----
Spellcasting   | 4 5 |  5.4
Earth Magic    | 4 |  4.4
Dodging        | |  2.8
Stealth        | |  2.8
Transmutations | |  1.1

Action                     |  1- 3 |  4- 6 || total
---------------------------+-------+-------++-------
  Melee: Dagger            |       |    11 ||    11
  Throw: Boomerang         |     4 |     7 ||    11
   Cast: Sandblast         |    40 |    19 ||    59
         Passwall          |       |     1 ||     1
   Stab: Sleeping          |       |     1 ||     1
 Armour: Robe              |     3 |     7 ||    10
  Dodge: Dodged            |    16 |    21 ||    37

Table legend: (Time is in decaauts)
 A = Elapsed time spent in this place.
 B = Non-inter-level travel time spent in this place.
 C = Inter-level travel time spent in this place.
 D = Time resting spent in this place.
 E = Time spent auto-exploring this place.
 F = Levels seen in this place.
 G = Mean time per level.
                   A        B        C        D        E       F      G
               +--------+--------+--------+--------+--------+-----+--------+
         Total |   1882 |   1545 |    337 |     52 |    892 |   3 |  627.3 |
       Dungeon |   1882 |   1545 |    337 |     52 |    892 |   3 |  627.3 |
               +--------+--------+--------+--------+--------+-----+--------+

Top non-repeatable levels by time:
     D:1: 861 daAuts
     D:2: 713 daAuts
     D:3: 307 daAuts
